 Dungeon Sprint DCSS version 0.27.1-4-g1640c2035a (webtiles) character file.

Game seed: 13758436767932101434

38 boopmooplesden the Covered (level 3, -3/36 HPs)
             Began as a Minotaur Fighter on Nov 11, 2021.
             Was an Initiate of Okawaru.
             Slain by a gnoll (4 damage)
             ... in the Dungeon (Sprint VII: "The Pits").
             The game lasted 00:01:13 (229 turns).

boopmooplesden the Covered (Minotaur Fighter)        Turns: 229, Time: 00:01:14

Health: -3/36      AC:  7    Str: 21    XL:     3   Next: 25%
Magic:  2/2        EV:  8    Int:  5    God:    Okawaru [......]
Gold:   0          SH: 10    Dex:  9    Spells: 2/2 levels left

rFire    . . .     SeeInvis .   k - +2 mace (vorpal)
rCold    . . .     Faith    .   c - +0 kite shield
rNeg     . . .     Spirit   .   b - +0 scale mail
rPois    .         Reflect  .   (helmet restricted)
rElec    .         Harm     .   (no cloak)
rCorr    .         Rampage  .   (no gloves)
Will     .....     NoTele   +   (no boots)
Stlth    ..........             (no amulet)
HPRegen  0.12/turn              (no ring)
MPRegen  0.08/turn              (no ring)

@: mighty
A: horns 2, retaliatory headbutt
a: Renounce Religion


You were in the Dungeon.
You worshipped Okawaru.
Okawaru was noncommittal.
You visited 1 branch

Inventory:

Hand Weapons
 a - a +0 flail
 k - a +2 vorpal mace (weapon)
Armour
 b - a +0 scale mail (worn)
 c - a +0 kite shield (worn)
Scrolls
 j - a scroll of blinking
 m - 5 scrolls of amnesia
 n - a scroll of summoning
Potions
 e - a potion of curing
 g - a potion of haste
 h - 4 potions of magic
 i - 3 potions of berserk rage
 l - 2 potions of invisibility


   Skills:
 + Level 5.4 Fighting
 + Level 3.3 Maces & Flails
 + Level 5.9 Armour
 + Level 0.1 Dodging
 + Level 5.4 Shields


You had 2 spell levels left.
You didn't know any spells.
Your spell library was empty.

Dungeon Overview and Level Annotations

Branches:
Dungeon (1/1)

Altars:
Ashenzari
Cheibriados
Dithmenos
Elyvilon
Fedhas
Gozag
Hepliaklqana
Kikubaaqudgha
Makhleb
Nemelex Xobeh
Okawaru
Qazlal
Ru
Sif Muna
Trog
Uskayaw
Vehumet
Wu Jian
Xom
Yredelemnul
Zin
The Shining One
Beogh
Jiyva
Lugonu


Innate Abilities, Weirdness & Mutations

You have a pair of horns on your head.
You reflexively headbutt those who attack you in melee.


Message History

You hit the gnoll sergeant but do no damage.
The gnoll sergeant hits you with a +0 spear!
* * * LOW HITPOINT WARNING * * *
The gnoll closely misses you. You block the gnoll sergeant's attack.
The gnoll sergeant hits you from afar with a +0 spear.
* * * LOW HITPOINT WARNING * * *
There is an open door here.
You see here a hobgoblin corpse.
You feel much better. You block the gnoll sergeant's attack.
You feel very mighty all of a sudden. You block the gnoll sergeant's attack.
The gnoll hits you from afar with a +0 spear.
You block the gnoll sergeant's attack.
You closely miss the gnoll sergeant.
Your headbutt misses the gnoll sergeant.
The gnoll hits you from afar with a +0 spear.
You block the gnoll sergeant's attack. The gnoll barely misses you.
You barely miss the gnoll sergeant.
You headbutt the gnoll sergeant, but do no damage.
The gnoll sergeant hits you with a +0 spear.
The gnoll hits you but does no damage. You block the gnoll sergeant's attack.
You closely miss the gnoll sergeant. You headbutt the gnoll sergeant.
The gnoll sergeant is lightly wounded.
The gnoll hits you from afar with a +0 spear.
The gnoll sergeant hits you with a +0 spear.
* * * LOW HITPOINT WARNING * * *
The gnoll barely misses you.
You sock the gnoll sergeant! You headbutt the gnoll sergeant.
The gnoll sergeant is severely wounded.
The gnoll sergeant hits you with a +0 spear.
* * * LOW HITPOINT WARNING * * *
You block the gnoll's attack. You block the gnoll sergeant's attack.
You closely miss the gnoll sergeant.
The gnoll sergeant is severely wounded.
The gnoll hits you but does no damage. The gnoll sergeant barely misses you.
You furiously retaliate!
You headbutt the gnoll sergeant!
You kill the gnoll sergeant!
Okawaru accepts your kill.
The gnoll hits you from afar with a +0 spear.
You die...

#_________.#
#_________.#
#_______...###########++
##########'##...........
#.?(.')))'.##......#..#.
##########.##...........
#...........'...........
+#####†#####......#..#.
#...#@# #...........
#...#)# ####'#####++
#..ggg# #.......#
##'#### #.......#
#.....# #.......#
#....S# #...<...#
#....g.. #.......#
#.....g..##.......#
###########.......#


You could see 2 gnolls.

Vanquished Creatures
  A gnoll sergeant (D)
  2 adders (D)
  A gnoll (D)
  An adder zombie (D)
  A giant cockroach (D)
  A hobgoblin (D)
  A kobold (D)
  2 quokkas (D)
10 creatures vanquished.

Notes
Turn   | Place    | Note
-------+----------+-------------------------------------------
     0 | D        | boopmooplesden the Minotaur Fighter began the quest for the
                  | Orb.
     0 | D        | Reached XP level 1. HP: 19/19 MP: 0/0
    45 | D        | Found a bloodstained altar of Trog.
    45 | D        | Found a shimmering blue altar of Sif Muna.
    45 | D        | Found a viscous altar of Jiyva.
    45 | D        | Found a hazy altar of Hepliaklqana.
    45 | D        | Found an opulent altar of Gozag.
    46 | D        | Found a glowing golden altar of the Shining One.
    46 | D        | Found a glowing silver altar of Zin.
    46 | D        | Found a basalt altar of Yredelemnul.
    46 | D        | Found a shimmering altar of Xom.
    46 | D        | Found an ornate altar of the Wu Jian Council.
    46 | D        | Found a sacrificial altar of Ru.
    46 | D        | Found a stormy altar of Qazlal.
    46 | D        | Found an iron altar of Okawaru.
    46 | D        | Found a sparkling altar of Nemelex Xobeh.
    46 | D        | Found a burning altar of Makhleb.
    46 | D        | Found a blossoming altar of Fedhas.
    46 | D        | Found a white marble altar of Elyvilon.
    46 | D        | Found a shadowy altar of Dithmenos.
    46 | D        | Found a snail-covered altar of Cheibriados.
    49 | D        | Found a corrupted altar of Lugonu.
    49 | D        | Found a radiant altar of Vehumet.
    50 | D        | Found an ancient bone altar of Kikubaaqudgha.
    50 | D        | Found a hide-covered altar of Uskayaw.
    50 | D        | Found a broken altar of Ashenzari.
    54 | D        | Became a worshipper of Warmaster Okawaru
    79 | D        | Reached skill level 5 in Armour
    79 | D        | Reached XP level 2. HP: 24/28 MP: 1/1
   201 | D        | Noticed a gnoll sergeant
   210 | D        | Reached skill level 5 in Fighting
   210 | D        | Reached skill level 5 in Shields
   211 | D        | Reached XP level 3. HP: 36/36 MP: 2/2
   228 | D        | HP: 1/36 [gnoll sergeant (6)]
   229 | D        | Killed a gnoll sergeant
   229 | D        | Slain by a gnoll

Illustrated notes

Levels and vault maps discovered:
D:        pitsprint [storerooms_1, entrance_room_1, metal_vault_1, armoury_2,
          mini_pit_1, grid_room_1, main_hall_1, silver_pit, the_coven_3,
          the_vestibule_1, steel_vault_4, golden_pit, hallway_of_sentries,
          crystal_vault_4, iron_vault_1, final_vault]

Skill      XL: |  1  2 |
---------------+-------+-----
Fighting       | 4 5 |  5.4
Armour         | 5 |  5.9
Shields        | 4 5 |  5.4
Maces & Flails | 3 |  3.3
Dodging        | |  0.1

Action                   || total
-------------------------++-------
Melee: Mace              ||    25
       Flail             ||     3
       Headbutt          ||     6
  Use: Potion            ||     2
Armor: Scale mail        ||    22
Dodge: Dodged            ||    11
Block: Kite shield       ||    22
